 Dungeon Crawl Stone Soup version 0.30.1-11-g7821555f0a (webtiles) character file.

Game seed: 8946940844884267610

96056 pkoi the Brawler (level 15, 0/134 HPs)
             Began as a Red Draconian Monk on Nov 3, 2023.
             Was a Priest of Ashenzari.
             Slain by a merfolk
             ... wielding a +0 glaive
             ... led by a merfolk impaler
              (19 damage)
             ... on level 3 of the Shoals.
             The game lasted 01:00:27 (30347 turns).

pkoi the Brawler (Red Draconian Monk)              Turns: 30347, Time: 01:00:29

Health: 0/134      AC: 20    Str: 20    XL:     15   Next: 68%
Magic:  28/28      EV: 17    Int: 15    God:    Ashenzari [***...]
Gold:   1678       SH:  0    Dex: 12    Spells: 14/33 levels left

rFire   + .          .
                       - Unarmed
rCold   + . .        b - orb {light}
rNeg    . . .        (body armour unavailable)
rPois   .            (helmet restricted)
rElec   .            I - +2 cloak of Ashenzari's Sybil {Evo, Self} (curse)
rCorr   .            o - +2 pair of gloves "Shackled Together" {Cun, Elem} (curse)
SInv    +            i - +0 pair of boots "Chained Together" {Self, Cun} (curse)
Will    +....        A - amulet of Ashenzari's Black Moon {Acrobat, Melee, Self} (curse)
Stlth   +            E - ring of the Cursed Comet {rC+, Alch, Melee} (curse)
HPRegen 0.42/turn    O - +4 ring of protection
MPRegen 0.21/turn

%: acrobat, clarity
@: glowing
A: breathe fire, AC +9, unfitting armour, fire resistance 1, cold-blooded,
strong 1, wild magic 1
a: Breathe Fire, Renounce Religion, Curse Item, Shatter the Chains


You were on level 3 of the Shoals.
You worshipped Ashenzari.
Ashenzari was most pleased with you.
You visited 4 branches of the dungeon, and saw 23 of its levels.
You also visited: Bailey.

You collected 1687 gold pieces.
You spent 9 gold pieces at shops.

Inventory:

Hand Weapons
 w - a +2 whip of venom
Missiles
 d - 11 boomerangs (quivered)
 B - a throwing net
 P - 26 poisoned darts
Armour
 b - an orb of light (worn)
 c - a +0 hat
 f - the +0 pair of gloves of Recklessness {Dex+7}
   (You found it on level 2 of the Shoals)

   Dex:       It affects your dexterity (+7).
 i - the cursed +0 pair of boots "Chained Together" (worn) {Self, Cun}
   (You found it on level 1 of the Lair of Beasts)

   It has a curse which improves the following skills: Introspection: Fighting
   and Spellcasting.
   Cunning:   Dodging and Stealth.
 o - the cursed +2 pair of gloves "Shackled Together" (worn) {Cun, Elem}
   (You found it on level 3 of the Dungeon)

   It has a curse which improves the following skills: Cunning: Dodging and
   Stealth.
   Elements:  Fire Magic, Ice Magic, Air Magic and Earth Magic.
 I - the cursed +2 cloak of Ashenzari's Sybil (worn) {Evo, Self}
   (You took it off Crazy Yiuf on level 2 of the Dungeon)

   It has a curse which improves the following skills: Evocations: Evocations.
   Introspection: Fighting and Spellcasting.
Jewellery
 A - the cursed amulet of Ashenzari's Black Moon (around neck) {Acrobat, Melee, Self}
   (You found it on level 7 of the Dungeon)

   [amulet of the acrobat]

   It increases your evasion while moving and waiting.
   It has a curse which improves the following skills: Melee Combat: Short
   Blades, Long Blades, Axes, Maces & Flails, Polearms, Staves and Unarmed
   Combat.
   Introspection: Fighting and Spellcasting.
 E - the cursed ring of the Cursed Comet (left hand) {rC+, Alch, Melee}
   (You found it on level 9 of the Dungeon)

   [ring of protection from cold]

   rC:        It protects you from cold.
   It has a curse which improves the following skills: Alchemy: Poison Magic and
   Transmutations.
   Melee Combat: Short Blades, Long Blades, Axes, Maces & Flails, Polearms,
   Staves and Unarmed Combat.
 O - a +4 ring of protection (right hand)
 Q - a ring of ice
Wands
 e - a wand of charming (15)
 n - a wand of flame (13)
 t - a wand of roots (23)
 H - a wand of polymorph (2)
Scrolls
 k - 10 scrolls of teleportation
 q - a scroll of enchant weapon
 v - 3 scrolls of fear
 y - a scroll of fog
 C - 9 scrolls of amnesia
 F - 2 scrolls of butterflies
 G - 3 scrolls of blinking
 J - a scroll of silence
 K - a scroll of brand weapon
 M - a scroll of enchant armour
 N - 2 scrolls of magic mapping
Potions
 a - a potion of ambrosia
 g - 4 potions of magic
 h - 8 potions of heal wounds
 j - 13 potions of curing
 l - 6 potions of brilliance
 m - 8 potions of haste
 p - 4 potions of might
 r - 6 potions of resistance
 s - 3 potions of cancellation
 x - 8 potions of flight
 z - 4 potions of attraction
 D - 4 potions of invisibility
Miscellaneous
 L - a phantom mirror


   Skills:
 - Level 9.8(12.7) Fighting
 - Level 9.9(12.1) Dodging
 + Level 19.4(21.3) Unarmed Combat
 - Level 6.7(9.7) Spellcasting
 + Level 2.5 Conjurations
 + Level 12.8(14.2) Transmutations
 - Level 2.3(3.5) Air Magic
 - Level 2.3(3.5) Poison Magic
 - Level 6.0(7.5) Evocations


You had 14 spell levels left.
You knew the following spells:

 Your Spells              Type           Power      Damage    Failure   Level
a - Poisonous Vapours     Pois/Air       46%        N/A       6%          2
b - Blade Hands           Tmut           30%        N/A       1%          5
c - Dragon Form           Tmut           30%        N/A       32%         7
d - Irradiate             Conj/Tmut      21%        3d18      13%         5

Your spell library contained the following spells:

 Spells                   Type           Power      Damage    Failure   Level
 Sting                    Tmut/Pois      100%       1d8       1%          1
 Magic Dart               Conj           76%        1d6       6%          1
 Searing Ray              Conj           38%        2d5       9%          2
 Cigotuvi's Dreadful Rot  Necr/Pois/Air  36%        N/A       10%         2
 Slow                     Hex            36%        N/A       14%         1
 Lesser Beckoning         Tloc           18%        N/A       22%         2
 Olgreb's Toxic Radiance  Pois           23%        N/A       32%         4
 Confusing Touch          Hex            9%         N/A       38%         3
 Gell's Gravitas          Tloc           9%         N/A       38%         3
 Teleport Other           Tloc           9%         N/A       38%         3
 Vampiric Draining        Necr           9%         2d6       38%         3
 Eringya's Noxious Bog    Tmut/Pois      22%        N/A       45%         6
 Fulminant Prism          Conj/Hex       7%         3d6       61%         4
 Dispel Undead            Necr           9%         3d8       77%         4
 Summon Forest            Summ/Tloc      4%         N/A       97%         5
 Conjure Ball Lightning   Conj/Air       10%        3x3d6     99%         6
 Death Channel            Necr           4%         N/A       100%        6
 Malign Gateway           Summ/Tloc      4%         N/A       100%        7
 Summon Hydra             Summ           4%         N/A       100%        7
 Discord                  Hex            4%         N/A       100%        8
 Disjunction              Tloc           4%         N/A       100%        8
 Summon Horrible Things   Summ           4%         N/A       100%        8


Dungeon Overview and Level Annotations

Branches:
Dungeon (14/15)            Temple (1/1) D:7            Lair (5/5) D:10
 Shoals (3/4) Lair:3       Spider (0/4) Lair:2        Slime (0/5) Lair:5
    Orc (0/2) D:12         Bailey (visited)
 Vaults: D:13-14

Altars:
Ashenzari
Cheibriados
Dithmenos
Elyvilon
Fedhas
Gozag
Hepliaklqana
Kikubaaqudgha
Makhleb
Nemelex Xobeh
Okawaru
Qazlal
Ru
Sif Muna
Trog
Uskayaw
Vehumet
Wu Jian
Xom
Yredelemnul
Zin
The Shining One

Shops:
D:11 [   D:12 :   Shoals:1 *

Annotations:
D:11 2 transporters, coolio's ghost, journeyman DsCj
Lair:4 3 runed translucent doors, 2 transporters, BuzzardItera's ghost, journeyman MiBe
Lair:5 3 runed translucent doors, exclusion: 2 oklob plants, STOICBELIEVER's ghost, journeyman MiBe


Innate Abilities, Weirdness & Mutations

You can breathe blasts of fire.
Your fiery red scales are hard. (AC +9)
You cannot fit into any form of body armour.
Your flesh is heat resistant. (rF+)
You are cold-blooded and may be slowed by cold attacks.
Your muscles are strong. (Str +4, Int/Dex -1)
Your spells are a little harder to cast, but a little more powerful.


Message History

You breathe a blast of fire.
The fiery breath hits the sea snake!!
You kill the sea snake!
You feel very sick.
The merfolk hits you but does no damage. x2
You are more poisoned.
The merfolk throws a silver boomerang.
The silver boomerang closely misses you.
Unknown command.
You feel very sick.
The merfolk throws a silver boomerang.
The silver boomerang completely misses you.
You enter the shallow water.
Moving in this stuff is going to be slow.
You feel very sick.
You feel very sick. The merfolk barely misses you.
The merfolk completely misses you.
You have got your breath back.
You feel very sick.
The merfolk throws a boomerang.
The boomerang completely misses you. The merfolk barely misses you.
You feel sick.
You feel sick. The merfolk misses you.
You feel sick.
You feel sick. The merfolk closely misses you.
You feel sick.
You are no longer poisoned.
The merfolk throws a silver boomerang.
The silver boomerang hits you.
* * * LOW HITPOINT WARNING * * *
The silver sears you!
* * * LOW HITPOINT WARNING * * *
The merfolk throws a boomerang.
The boomerang closely misses you. The merfolk closely misses you.
There is a stone staircase leading up here.
The merfolk closely misses you.
The merfolk throws a silver boomerang.
The silver boomerang hits you.
* * * LOW HITPOINT WARNING * * *
The silver sears you!
* * * LOW HITPOINT WARNING * * *
The merfolk hits you from afar with a +0 glaive!!
You die...

~≈~~~...####..~~.........
~~~~.....###..c~~~~...... ,
~~~~~~..)......~~~~~~.....
~~~~~........~~~≈≈~~~......,
.~~~~........~~~~~~≈≈~~..~~~
.~~~.........m~~~.~~~~~~~~~~~~
~~~~...~~..?..mmm.~~~.~~~~~≈≈≈
~
~~.....~~~.........~~~~~≈≈≈≈≈≈
~~...[.....~~...@..~~≈≈~~~≈≈≈≈
~~.........~~~~~.....~~.~~~≈≈≈
~~......~......~~~.)....~~≈≈≈≈~
~~...~~..........~~.÷...~~≈≈≈≈
~~........#...~~.....÷.~~≈≈≈≈≈
~
~~~~...........~.).###.P~~≈~~~
~~~~~...........~..###..~P≈~~~
~~~~~~~.............##P.~P~~~P~
~~~~~~~......~~~.....PP.PPP~~~
~


You could see 4 merfolk and a faun.

Vanquished Creatures
  Rupert (D:13)
  A kraken (Shoals:1)
  Agnes (D:14)
  A fire dragon (D:11)
  Josephine (D:10)
  Fannar (D:11)
  4 hydras
  A merfolk avatar (Shoals:1)
  2 catoblepae
  2 ogre magi
  4 boulder beetles
  6 two-headed ogres
  Erica (D:9)
  4 centaur warriors
  Urug (D:11)
  4 tengu warriors
  The ghost of eurytides the Covered, a novice MiFi of the Shining One (D:7)
  Nergalle (Lair:3)
  A skyshark (Lair:4)
  Lodul (D:13)
  7 sea snakes
  6 harpies
  Pikel (D:6)
  A lindwurm (Lair:5)
  A wizard (D:11)
  A deep elf pyromancer (D:13)
  2 cyclopes
  6 fauns (Shoals:1)
  10 ugly things
  9 manticores
  4 merfolk sirens
  3 water nymphs
  11 elephants (Lair:5)
  2 molten gargoyles (Lair:5)
  Maggie (D:8)
  5 black mambas
  10 cane toads
  6 gargoyles
  2 rime drakes
  4 kobold demonologists
  12 komodo dragons
  An efreet (D:13)
  3 trolls
  7 merfolk
  A polar bear (Lair:1)
  A troll (shapeshifter) (D:14)
  Grinder (D:6)
  5 snapping turtles
  23 blink frogs
  4 wind drakes
  3 dream sheep (Shoals:2)
  Sigmund (D:6)
  4 slime creatures
  3 shadows
  A water elemental (Lair:3)
  3 wyverns
  9 basilisks
  59 yaks
  8 wraiths
  10 vampire mosquitoes
  8 humans (D:14)
  3 steam dragons (Lair:5)
  A warg (shapeshifter) (D:10)
  A redback (Lair:2)
  2 acid dragons
  4 hell hounds (Lair:5)
  7 water moccasins
  An ice beast (D:5)
  12 orc warriors
  3 sky beasts (D:7)
  2 black bears
  12 ogres
  20 wolves
  4 boggarts (D:13)
  6 centaurs
  A lemure (D:6)
  4 phantoms
  A kobold brigand (D:6)
  2 gnoll sergeants
  Blork the orc (D:5)
  15 bullfrogs
  7 necrophages
  4 scorpions
  4 wights (D:7)
  3 troll zombies (D:12)
  3 killer bees (D:8)
  An electric eel (Lair:3)
  2 howler monkeys
  5 lava snakes (Lair:5)
  2 hounds
  3 jellies
  Crazy Yiuf (D:2)
  9 orc priests
  2 gnoll boudas
  A sleepcap (D:5)
  Jessica (D:2)
  Ijyb (D:3)
  An iguana (D:3)
  Natasha (thrice) (D:2)
  7 orc wizards
  3 ogre zombies (D:12)
  28 gnolls
  9 adders
  A shadow imp (D:7)
  2 white imps
  An ufetubus (D:4)
  A worm (D:4)
  A dart slug (D:4)
  55 orcs
  6 ball pythons
  8 endoplasms
  2 giant cockroaches
  9 goblins
  8 hobgoblins
  5 quokkas
  6 bats
  5 frilled lizards
  2 goblin skeletons (D:12)
  2 hobgoblin skeletons (D:12)
  A hobgoblin zombie (D:12)
  14 kobolds
  2 orc skeletons (D:12)
  12 orc zombies (D:12)
  7 rats
  6 tentacles (Shoals:1)
656 creatures vanquished.

Vanquished Creatures (collateral kills)
  A scorpion (D:5)
  A hound (D:5)
  An orc (D:5)
  A jackal (D:3)
  A kobold (D:3)
5 creatures vanquished.

Vanquished Creatures (others)
  A vault guard (D:14)
  A water moccasin (D:5)
  Terence (D:3)
  30 tentacles (Shoals:1)
33 creatures vanquished.

Grand Total: 694 creatures vanquished

Notes
Turn   | Place    | Note
-------+----------+-------------------------------------------
     0 | D:1      | pkoi the Draconian Monk began the quest for the Orb.
     0 | D:1      | Reached XP level 1. HP: 19/19 MP: 1/1
     6 | D:1      | Noticed a hog
     6 | D:1      | Noticed a black mamba
     6 | D:1      | Noticed a komodo dragon
     7 | D:1      | Noticed a killer bee
     7 | D:1      | Noticed a swamp worm
   205 | D:1      | Reached XP level 2. HP: 23/26 MP: 2/2
   410 | D:1      | Reached skill level 4 in Unarmed Combat
   435 | D:1      | You fall into a shaft and drop 1 floor!
   476 | D:2      | Found a runed translucent door.
   477 | D:2      | Noticed Crazy Yiuf
   770 | D:1      | Reached XP level 3. HP: 31/31 MP: 3/3
  1255 | D:2      | Gained mutation: Your muscles are strong. (Str +4, Int/Dex
                  | -1) [potion of mutation]
  1255 | D:2      | Gained mutation: Your spells are a little harder to cast,
                  | but a little more powerful. [potion of mutation]
  1278 | D:2      | Noticed Natasha
  1283 | D:2      | Killed Natasha
  1342 | D:2      | Noticed Jessica
  1347 | D:2      | Killed Jessica
  1348 | D:2      | Reached skill level 5 in Unarmed Combat
  1348 | D:2      | Reached XP level 4. HP: 38/38 MP: 4/4
  1393 | D:2      | Noticed Natasha
  1401 | D:2      | Killed Natasha
  1519 | D:2      | Noticed Natasha
  1524 | D:2      | Killed Natasha
  1525 | D:2      | Reached XP level 5. HP: 44/45 MP: 5/5
  1859 | D:2      | Reached skill level 6 in Unarmed Combat
  2226 | D:3      | Noticed Ijyb
  2240 | D:3      | Killed Ijyb
  2300 | D:3      | Noticed Terence
  2315 | D:3      | Your ally Terence died
  2503 | D:3      | Reached XP level 6. HP: 51/51 MP: 6/6
  3245 | D:4      | Reached skill level 7 in Unarmed Combat
  3268 | D:4      | Your scales start taking on a fiery red colour.
  3268 | D:4      | Reached XP level 7. HP: 55/57 MP: 7/7
  3268 | D:4      | Gained mutation: Your flesh is heat resistant. (rF+) [Red
                  | Draconian growth]
  3627 | D:5      | Entered Level 5 of the Dungeon
  3724 | D:5      | Reached skill level 5 in Dodging
  3808 | D:5      | Found a broken altar of Ashenzari.
  3814 | D:5      | Became a worshipper of Ashenzari the Shackled
  3828 | D:5      | Noticed Blork the orc
  3881 | D:5      | Reached skill level 8 in Unarmed Combat
  3881 | D:5      | Reached XP level 8. HP: 20/63 MP: 8/8
  4121 | D:5      | Killed Blork the orc
  4732 | D:6      | Noticed Sigmund
  4748 | D:6      | Killed Sigmund
  4777 | D:6      | Identified the +8 plate armour of Misanthropy {rElec rF+
                  | rCorr Str-2}
  4804 | D:6      | Noticed Grinder
  4813 | D:6      | Killed Grinder
  4814 | D:6      | Reached skill level 9 in Unarmed Combat
  4988 | D:6      | Reached skill level 10 in Unarmed Combat
  5073 | D:6      | Noticed Pikel
  5100 | D:6      | Killed Pikel
  5101 | D:6      | Reached skill level 5 in Fighting
  5101 | D:6      | Reached XP level 9. HP: 38/74 MP: 9/9
  5957 | D:7      | Reached skill level 11 in Unarmed Combat
  6614 | D:7      | Found a large runed translucent door.
  6615 | D:7      | Found a large runed translucent door.
  6617 | D:7      | Noticed eurytides's ghost (novice MiFi)
  6748 | D:7      | Found a staircase to the Ecumenical Temple.
  6761 | Temple   | Entered the Ecumenical Temple
  7124 | D:8      | Noticed a red ugly thing
  7125 | D:8      | Noticed a boulder beetle
  7139 | D:8      | Killed a red ugly thing
  7140 | D:8      | Reached skill level 12 in Unarmed Combat
  7322 | D:8      | Found a shadowy altar of Dithmenos.
  7361 | D:8      | Noticed Maggie
  7394 | D:8      | Killed Maggie
  7395 | D:8      | Reached XP level 10. HP: 82/83 MP: 10/10
  7429 | D:8      | Found a hide-covered altar of Uskayaw.
  7484 | D:8      | Found a flagged portal.
  7493 | Bailey   | Entered a bailey
  8058 | D:8      | Noticed a tengu warrior
  8260 | D:8      | Reached skill level 13 in Unarmed Combat
  8653 | D:8      | Killed a tengu warrior
  8875 | D:2      | Killed Crazy Yiuf
  8970 | D:3      | Identified the +2 robe "Acilleq" {Rampage rElec Will-
                  | rCorr}
  9172 | D:8      | Reached skill level 14 in Unarmed Combat
  9554 | D:9      | Noticed Erica
  9572 | D:9      | Killed Erica
  9877 | D:9      | Reached skill level 1 in Evocations
 10076 | D:9      | Found an iron altar of Okawaru.
 10076 | D:9      | Found a snail-covered altar of Cheibriados.
 10078 | D:9      | Found a glowing golden altar of the Shining One.
 10112 | D:10     | Entered Level 10 of the Dungeon
 10231 | D:10     | Reached XP level 11. HP: 67/92 MP: 11/11
 10390 | D:10     | Noticed a boulder beetle
 10395 | D:10     | Noticed a tengu warrior
 10482 | D:10     | Found a staircase to the Lair.
 10768 | D:10     | Noticed Josephine
 10788 | D:10     | Killed Josephine
 10812 | D:9      | Reached * piety under Ashenzari
 11119 | D:10     | Killed a boulder beetle
 11395 | D:10     | Identified the staff of conjuration "Qempizuj" {rCorr Int-5
                  | Dex+3}
 11408 | D:10     | Noticed a brown ugly thing
 11413 | D:10     | Killed a brown ugly thing
 11473 | D:10     | Killed a tengu warrior
 11474 | D:10     | Reached skill level 15 in Unarmed Combat
 11541 | D:10     | Learned a level 2 spell: Poisonous Vapours
 11833 | D:10     | Noticed a sun demon
 11870 | D:10     | Noticed a two-headed ogre
 11883 | D:10     | Killed a two-headed ogre
 11884 | D:10     | Reached skill level 1 in Poison Magic
 12107 | Lair:1   | Entered Level 1 of the Lair of Beasts
 12115 | D:10     | Reached skill level 1 in Spellcasting
 12115 | D:10     | Reached skill level 1 in Air Magic
 12247 | Lair:1   | Reached skill level 5 in Evocations
 12571 | Lair:1   | Reached XP level 12. HP: 66/103 MP: 15/15
 12758 | Lair:1   | Learned a level 5 spell: Blade Hands
 13302 | Lair:1   | Reached skill level 1 in Transmutations
 13656 | Lair:2   | Found a hole to the Spider Nest.
 14969 | Lair:3   | Noticed Nergalle
 15057 | Lair:3   | Killed Nergalle
 15195 | Lair:3   | Reached ** piety under Ashenzari
 15450 | Lair:3   | Reached skill level 16 in Unarmed Combat
 15456 | Lair:3   | Reached skill level 5 in Transmutations
 16002 | Lair:3   | Found a staircase to the Shoals.
 16166 | Lair:4   | Found a runed translucent gate.
 16166 | Lair:4   | Found a runed translucent gate.
 16166 | Lair:4   | Found a runed translucent gate.
 16166 | Lair:4   | Noticed an 11-headed hydra
 16166 | Lair:4   | Noticed a 13-headed hydra
 16166 | Lair:4   | Noticed BuzzardItera's ghost (journeyman MiBe)
 16167 | Lair:4   | Noticed a 14-headed hydra
 16167 | Lair:4   | Identified the +4 war axe of the Foremost Dreams {venom,
                  | *Noise rC- Will+++ rCorr}
 16179 | Lair:4   | Reached *** piety under Ashenzari
 16292 | Lair:4   | Reached XP level 13. HP: 110/116 MP: 23/23
 16411 | Lair:4   | Found a transporter.
 16461 | Lair:4   | Found a transporter.
 16461 | Lair:4   | Identified the +1 pair of boots "Quokhoph" {*Slow rElec rN+
                  | Str+4 Slay+2}
 16711 | Lair:5   | Entered Level 5 of the Lair of Beasts
 18543 | Lair:5   | Reached skill level 17 in Unarmed Combat
 18612 | Lair:5   | Found a runed translucent door.
 18613 | Lair:5   | Noticed STOICBELIEVER's ghost (journeyman MiBe)
 20018 | Lair:5   | Found a large runed translucent door.
 20019 | Lair:5   | Found a large runed translucent door.
 20038 | Lair:5   | Noticed a fire dragon
 20039 | Lair:5   | Identified the ring of Lustrearr {rC- Will+ Str+3 Int+3
                  | SInv}
 20450 | D:11     | Noticed Fannar
 20461 | D:11     | Killed Fannar
 20702 | D:11     | Reached XP level 14. HP: 121/124 MP: 24/24
 20772 | D:11     | Found a transporter.
 20856 | D:11     | Noticed Urug
 20870 | D:11     | Killed Urug
 21138 | D:11     | Found a transporter.
 21153 | D:11     | Noticed coolio's ghost (journeyman DsCj)
 21153 | D:11     | Identified the +2 cloak of the Thirteen Ghosts {rElec rN++
                  | Int+3 Slay-5}
 21254 | D:11     | Found Ugad Ihy's Armour Boutique.
 21371 | D:11     | Reached skill level 10 in Transmutations
 21429 | D:11     | Identified the cursed +2 pair of gloves "Shackled Together"
                  | {Cun, Elem} (You found it on level 3 of the Dungeon)
 21485 | D:11     | Reached skill level 18 in Unarmed Combat
 21698 | D:12     | Reached skill level 5 in Spellcasting
 21811 | D:12     | Found a staircase to the Orcish Mines.
 21865 | D:12     | Found Tisowkon's Book Shoppe.
 22496 | D:12     | Identified the +9 dagger "Newtslayer" {holy, Dex+3 Stlth+}
 23468 | D:13     | Noticed Rupert
 23477 | D:13     | Paralysed by Rupert for 4 turns
 23775 | D:13     | Noticed Lodul
 23797 | D:13     | Killed Lodul
 23818 | D:13     | Paralysed by Rupert for 5 turns
 23833 | D:13     | Killed Rupert
 25097 | D:14     | Noticed Agnes
 25462 | D:14     | Reached XP level 15. HP: 118/132 MP: 26/28
 25595 | D:14     | Killed Agnes
 26104 | D:7      | Killed eurytides's ghost
 26266 | Shoals:1 | Entered Level 1 of the Shoals
 26906 | Shoals:1 | Noticed a kraken
 26936 | Shoals:1 | Found Jaenan's CLEARANCE SALE!.
 26954 | Shoals:1 | Bought a scroll of teleportation for 9 gold pieces
 27743 | Shoals:1 | Reached skill level 19 in Unarmed Combat
 27994 | Shoals:1 | Noticed a kraken
 28007 | Shoals:1 | Killed a kraken
 28614 | Shoals:2 | Learned a level 7 spell: Dragon Form
 29113 | Shoals:2 | Identified the +0 pair of gloves of Recklessness {Dex+7}
 29162 | Shoals:2 | Learned a level 5 spell: Irradiate
 29578 | Shoals:2 | Reached skill level 1 in Conjurations
 30347 | Shoals:3 | Slain by a merfolk

Illustrated notes

Levels and vault maps discovered:
D:1:      onia_arrival_zoo_common, layout_basic, minmay_tetromino_l2
D:2:      layout_loops_cross, grunt_ministairs_3, uniq_jessica, uniq_natasha,
          uniq_crazy_yiuf_cottage
D:3:      layout_loops_ring, grunt_ministairs_11, minmay_diced_spiral,
          uniq_ijyb, uniq_terence
D:4:      layout_cave_pools
D:5:      layout_basic, evilmike_ruin_ashenzari, hangedman_decor_opposing,
          uniq_blork_the_orc
D:6:      layout_basic, kennysheep_generic_room_7, uniq_sigmund, uniq_pikel,
          uniq_grinder
D:7:      layout_basic, minmay_temple_entry_mini_moons,
          ebering_ghost_disaster_area
D:8:      layout_basic, mainiacjoe_overflow_six_doors_small,
          grunt_dithmenos_smoke, enter_bailey_8, kb_rosetta, uniq_maggie
D:9:      layout_loops_cross, gammafunk_temple_overflow_claw, uniq_erica
D:10:     layout_long_grid, grunt_lair_entry_orc_guard_hut,
          minmay_diamond_spiral, uniq_josephine
D:11:     layout_gridville, serial_shops, nicolae_shop_real_fake_doors,
          gammafunk_ghost_berserking_beasts, uniq_fannar, uniq_urug
D:12:     layout_loops_corners, zombieorc1_lemuel, special_room
          [special_room_orc], serial_shops, nicolae_shop_window_shopping,
          serial_rivers, chequers_serial_rivers_micro_e,
          chequers_serial_rivers_micro_b, chequers_serial_rivers_micro_a,
          chequers_serial_rivers_micro_c
D:13:     minmay_box_of_statues, layout_cave_pools, uniq_lodul, uniq_rupert
D:14:     layout_cave_pools, ximxim_vaults_locker_room,
          nicolae_tso_carved_into_rock, uniq_agnes
Temple:   kb_temple_of_zot
Lair:1:   layout_long_grid
Lair:2:   layout_roguey, spider_nest_entry_webs, nicolae_volcano_entry_s_turn,
          roderic_carrion_pond
Lair:3:   layout_chaotic_city, elwin_shoals_entry_rooms, uniq_nergalle
Lair:4:   gammafunk_worm_tunnel, layout_hall_layers, gammafunk_ghost_hydra_chop
Lair:5:   cheibrodos_lair_end_hotspot, layout_cave_pods,
          minmay_slime_entry_oklob_enclosed, ebering_ghost_inner_flame,
          patterned_corridor
Shoals:1: layout_shoals, nicolae_shop_clearance
Shoals:2: layout_shoals
Shoals:3: layout_shoals, nicolae_shoals_abyss_on_the_beach

Skill      XL: |  1  2  3  4  5  6  7  8  9 10 11 12 13 14 15 |
---------------+----------------------------------------------+-----
Unarmed Combat | 4 5 6 7 8 10 12 14 15 16 17 18 19 | 19.4
Dodging        | 3 4 5 6 7 8 9 |  9.9
Fighting       | 5 6 7 8 9 |  9.8
Evocations     | 2 5 6 |  6.0
Poison Magic   | 2 |  2.3
Spellcasting   | 2 4 6 |  6.7
Air Magic      | 2 |  2.3
Transmutations | 5 9 11 12 | 12.8
Conjurations   | 2 |  2.5

Action                     |  1- 3 |  4- 6 |  7- 9 | 10-12 | 13-15 || total
---------------------------+-------+-------+-------+-------+-------++-------
  Melee: Unarmed           |    90 |   122 |   241 |   640 |  1027 ||  2120
         Tailslap          |     9 |    20 |    41 |   119 |   234 ||   423
         Punch             |       |       |       |       |    11 ||    11
  Throw: Boomerang         |       |       |       |    11 |     1 ||    12
   Cast: Blade Hands       |       |       |       |       |     9 ||     9
 Invoke: Curse Item        |       |       |       |     4 |     1 ||     5
Ability: Breathe Fire      |       |       |     3 |    24 |    40 ||    67
  Evoke: Wand              |       |     1 |    13 |       |       ||    14
    Use: Potion            |     5 |       |     2 |       |     6 ||    13
         Scroll            |     3 |     2 |    11 |     3 |     2 ||    21
   Stab: Distracted        |       |       |     1 |       |       ||     1
 Armour: Skin              |    15 |    24 |    55 |   175 |   328 ||   597
  Dodge: Dodged            |    48 |    66 |   130 |   425 |   743 ||  1412
